AoeStats
← shaggy

Pilgrims

510128444Analyzed
2v2 RM · 4d ago on Sep 29, 2026· 55m 23s· 4 players
Game mode
Random Map
Map size
Medium (4 player)
Population
200
Speed
Normal
Resources
Standard
Victory
Conquest
Starting age
Dark Age
Ending age
Imperial Age
RankedLock teamsTeams togetherTeam positionsShared explorationLock speedFull tech treeHidden civsTurbo modeCheats
Victory
Defeat
🇲🇽 Varangians · Mexico
1202
+15
🇲🇽 Italians · Mexico
1114
+18
🇩🇪 Teutons · Germany
1187
-17
🇪🇸 Vikings · Spain
1165
-16
_MZTK_SIRO_
10:42 Feudal Age
12:53 Town Watch
13:46 Loom
16:42 Castle Age
15:32 Scale Mail Armor
17:09 Arson
19:31 Double-Bit Axe
20:42 Gold Mining
22:39 Forging
23:12 Chain Mail Armor
23:45 Horse Collar
35:24 Squires
35:57 Heavy Plow
40:24 Wheelbarrow
45:29 Town Watch
47:20 Iron Casting
49:04 Bow Saw
51:27 Hand Cart
51:12 Town Patrol
51:44 Scale Barding Armor
56:55 Imperial Age
MZTK | GaboxNet .i.
5:47 Loom
10:16 Feudal Age
11:22 Double-Bit Axe
11:21 Fishing Lines
25:29 Castle Age
26:24 Medium Warships
26:06 Gillnets
28:25 Careening
29:22 Clinker Construction
29:05 Fletching
34:22 Imperial Age
33:01 Bow Saw
33:38 Wheelbarrow
35:30 Forging
36:09 Scale Mail Armor
36:28 Bodkin Arrow
38:30 Squires
38:15 Arson
41:31 Padded Archer Armor
42:07 Iron Casting
41:50 Gold Mining
43:20 Chemistry
42:52 Conscription
44:06 Chain Mail Armor
44:52 Blast Furnace
47:10 Plate Mail Armor
48:42 Hand Cart
48:16 Horse Collar
48:52 Bow Saw
49:06 Ballistics
49:02 Bracer
54:56 Coinage
shaggy
11:13 Feudal Age
16:03 Castle Age
17:30 Medium Warships
22:10 Loom
42:39 Bloodlines
IamNotHugo
10:35 Feudal Age
17:10 Double-Bit Axe
22:26 Castle Age
20:22 Fletching
21:27 Horse Collar
22:38 Fishing Lines
23:24 Medium Warships
27:00 Bodkin Arrow
28:12 Bow Saw
29:40 Loom
34:17 Forging
38:23 Imperial Age
37:38 Scale Mail Armor
38:21 Chieftains
39:16 Arson
40:49 Heavy Plow
41:49 Two-Man Saw
42:26 Chain Mail Armor
42:47 Iron Casting
44:11 Plate Mail Armor
43:27 Elite Berserk
44:35 Squires
47:56 Blast Furnace
47:53 Conscription
51:19 Capped Ram
53:22 Siege Ram
Connection lost

Rejoining the realm…

Still unreachable

The connection could not be restored.

Session expired

The server has moved on; the page needs a fresh start.